Map: Data-C

Players

Nina - Winner!

  • Race: Protoss Protoss
  • Spawn Location: 9:00

PattyMac

  • Race: Protoss Protoss
  • Spawn Location: 3:00

Event: DreamHack SC2 Masters 2022 Atlanta (Offline)

VOD

Have the link to the VOD?

Description

Time

  • Played on: Nov. 18, 2022, 4:31 p.m.
  • Length: 14:40

All games in this series

Show
View Real Time Build Order
Export as new Build Order

Nina Protoss - Winner!

Build Orders: Oracle Opening 

Get SALT Encoding   

  12  0:00  Probe  
  13  0:12  Probe  
  14  0:18  Pylon  
  14  0:24  Probe (Chrono Boost)  
  15  0:36  Probe (Chrono Boost)  
  15  0:38  Gateway  
  16  0:45  Probe (Chrono Boost)  
  17  0:51  Probe  
  17  0:52  Assimilator  
  18  1:03  Probe (Chrono Boost)  
  19  1:04  Assimilator  
  19  1:12  Probe (Chrono Boost)  
  19  1:17  Probe (Chrono Boost)  
  21  1:29  Cybernetics Core, Probe  
  22  1:33  Pylon  
  22  1:41  Probe  
  23  1:53  Probe  
  24  2:03  Stalker (Chrono Boost)  
  24  2:05  Probe  
  27  2:14  Stargate  
  27  2:22  Warp Gate  
  27  2:31  Nexus  
  27  2:32  Stalker  
  29  2:40  Pylon  
  29  2:42  Probe  
  30  2:54  Probe  
  31  3:00  Oracle  
  34  3:06  Probe  
  34  3:07  Shield Battery  
  34  3:10  Stalker  
  37  3:21  Probe, Pylon  
  38  3:35  Shield Battery  
  38  3:41  Oracle (Chrono Boost)  
  38  3:44  Probe  
  40  3:48  Probe  
  41  3:57  Probe  
  41  4:00  Gateway  
  42  4:06  Twilight Council  
  42  4:07  Probe (Chrono Boost)  
  44  4:10  Probe (Chrono Boost)  
  44  4:14  Stalker  
  46  4:21  Probe (Chrono Boost)  
  46  4:22  Probe (Chrono Boost)  
  48  4:30  Probe  
  49  4:34  Gateway  
  49  4:38  Stalker  
  49  4:41  Probe  
  52  4:49  Probe  
  53  4:53  Probe  
  53  4:58  Stalker  
  51  5:04  Probe  
  51  5:05  Blink (Chrono Boost)  
  49  5:11  Probe (Chrono Boost)  
  49  5:16  Probe (Chrono Boost)  
  50  5:23  Probe (Chrono Boost)  
  50  5:27  Probe (Chrono Boost)  
  52  5:28  Stalker  
  52  5:30  Probe (Chrono Boost)  
  55  5:38  Probe  
  55  5:40  Nexus  
  56  5:45  Stalker  
  56  5:48  Stalker  
  60  5:50  Probe  
  60  5:55  Probe, Pylon  
  62  6:08  Pylon  
  62  6:09  Pylon  
  62  6:11  Pylon  
  62  6:13  Probe x2  
  64  6:23  Stalker  
  64  6:25  Probe x2  
  65  6:26  Stalker, Assimilator  
  67  6:33  Stalker  
  67  6:35  Robotics Facility  
  67  6:38  Probe x2  
  71  6:44  Forge  
  71  6:50  Probe (Chrono Boost)  
  71  6:52  Probe (Chrono Boost)  
  74  6:54  Probe (Chrono Boost)  
  74  6:55  Stalker  
  74  6:57  Stalker  
  78  7:02  Probe (Chrono Boost)  
  78  7:03  Assimilator  
  78  7:06  Probe (Chrono Boost)  
  78  7:08  Shield Battery  
  81  7:09  Probe x2 (Chrono Boost)  
  81  7:11  Probe (Chrono Boost)  
  83  7:16  Probe x2  
  83  7:17  Dark Shrine  
  83  7:22  Probe  
  86  7:29  Probe  
  87  7:34  Probe  
  87  7:36  Stalker x3  
  94  7:38  Probe  
  94  7:39  Assimilator  
  94  7:40  Protoss Ground Weapons Level 1 (Chrono Boost), Assimilator  
  94  7:43  Probe  
  94  7:44  Pylon  
  96  7:46  Probe  
  96  7:47  Pylon  
  96  7:50  Probe  
  98  7:55  Probe  
  98  7:58  Probe  
  99  8:00  Stalker  
  99  8:02  Pylon  
  101  8:05  Stalker x2  
  101  8:06  Probe  
  101  8:07  Probe  
  101  8:10  Probe  
  108  8:19  Nexus  
  108  8:21  Probe  
  109  8:28  Probe x2  
  109  8:32  Dark Templar  
  109  8:33  Dark Templar x2  
  117  8:36  Observer (Chrono Boost)  
  119  8:43  Shield Battery  
  119  8:45  Gateway  
  119  8:48  Gateway  
  118  8:49  Gateway  
  118  8:52  Gateway  
  118  8:54  Probe  
  119  8:58  Shield Battery  
  119  9:02  Pylon  
  119  9:07  Stalker x3  
  121  9:13  Immortal  
  121  9:16  Probe  
  124  9:17  Probe  
  125  9:27  Probe (Chrono Boost)  
  125  9:30  Stalker  
  125  9:31  Probe (Chrono Boost), Stalker x2  
  131  9:32  Probe (Chrono Boost)  
  131  9:35  Photon Cannon, Pylon  
  134  9:39  Probe (Chrono Boost), Pylon  
  134  9:40  Stalker  
  134  9:43  Probe x2 (Chrono Boost)  
  134  9:44  Probe (Chrono Boost)  
  134  9:45  Stalker x2  
  142  9:50  Assimilator  
  140  9:53  Assimilator, Pylon x2  
  140  9:57  Pylon  
  140  9:59  Protoss Ground Weapons Level 2 (Chrono Boost)  
  140  10:03  Stalker x4  
  148  10:09  Observer  
  143  10:24  Stalker x3  
  143  10:27  Gateway  
  149  10:29  Gateway  
  149  10:33  Stalker x4  
  149  10:34  Charge (Chrono Boost)  
  157  10:38  Probe x3  
  157  10:42  Observer  
  161  10:44  Nexus  
  161  10:50  Photon Cannon  
  161  10:56  Probe  
  162  10:58  Photon Cannon  
  162  11:02  Pylon  
  162  11:03  Gateway  
  162  11:06  Stalker x5  
  162  11:09  Probe  
  173  11:12  Pylon  
  173  11:15  Pylon  
  167  11:29  Stalker x8  
  183  11:34  Probe  
  183  11:35  Probe  
  183  11:36  Probe  
  183  11:37  Probe  
  187  11:41  Photon Cannon  
  187  11:45  Observer  
  188  11:52  Robotics Bay  
  188  11:56  Robotics Facility  
  188  11:57  Probe  
  188  11:58  Robotics Facility, Probe x4  
  188  11:59  Photon Cannon  
  193  12:09  Probe  
  178  12:16  Stalker x7  
  178  12:17  Stalker x2  
  164  12:32  Stalker  
  152  12:40  Stalker x4  
  152  12:41  Stalker x5  
  144  13:03  Stalker x6  
  144  13:04  Stalker x4  
  144  13:05  Disruptor  
  165  13:06  Disruptor x2  
  165  13:09  Probe x3  
  166  13:27  Photon Cannon  
  166  13:29  Stalker x6, Assimilator  
  166  13:30  Stalker x2, Assimilator  
  182  13:39  Photon Cannon  
  174  13:41  Photon Cannon  
  174  13:47  Observer  
  174  13:50  Nexus  
  174  13:52  Pylon  
  174  13:58  Disruptor x2  
  174  14:00  Photon Cannon  
  180  14:03  Zealot x6  
  180  14:30  Zealot  
  180  14:31  Zealot x9  
Show
View Real Time Build Order
Export as new Build Order

PattyMac Protoss 

Build Orders: Oracle Opening 

Get SALT Encoding   

  12  0:00  Probe  
  13  0:12  Probe  
  14  0:18  Pylon  
  14  0:24  Probe (Chrono Boost)  
  15  0:36  Probe (Chrono Boost)  
  15  0:38  Gateway  
  16  0:44  Probe (Chrono Boost)  
  16  0:47  Assimilator  
  17  0:51  Probe  
  18  1:00  Assimilator  
  18  1:03  Probe (Chrono Boost)  
  19  1:07  Pylon  
  19  1:13  Probe (Chrono Boost)  
  19  1:18  Probe (Chrono Boost)  
  21  1:25  Cybernetics Core  
  21  1:30  Probe  
  21  1:32  Zealot  
  24  1:44  Probe  
  25  1:56  Probe  
  26  2:05  Nexus  
  26  2:15  Stargate  
  26  2:19  Stalker (Chrono Boost)  
  28  2:30  Warp Gate  
  28  2:36  Pylon  
  27  2:38  Probe  
  27  2:43  Stalker  
  30  3:00  Oracle (Chrono Boost)  
  30  3:02  Shield Battery  
  33  3:07  Probe  
  33  3:11  Gateway  
  34  3:17  Probe  
  35  3:24  Probe  
  36  3:32  Twilight Council  
  34  3:47  Probe (Chrono Boost)  
  34  3:48  Oracle  
  36  3:53  Probe (Chrono Boost)  
  38  4:02  Probe (Chrono Boost)  
  38  4:04  Shield Battery, Probe (Chrono Boost)  
  37  4:14  Probe  
  37  4:16  Pylon  
  38  4:18  Stalker x2  
  38  4:23  Probe  
  43  4:28  Probe, Blink (Chrono Boost)  
  44  4:35  Pylon  
  44  4:36  Probe  
  45  4:42  Gateway  
  45  4:45  Probe (Chrono Boost)  
  45  4:49  Probe (Chrono Boost)  
  45  4:59  Probe (Chrono Boost)  
  47  5:00  Probe (Chrono Boost)  
  47  5:01  Stalker x2  
  51  5:07  Probe  
  51  5:10  Probe  
  50  5:15  Pylon  
  50  5:19  Probe  
  51  5:23  Probe  
  51  5:26  Stalker x2  
  56  5:30  Pylon  
  56  5:31  Probe  
  56  5:34  Assimilator  
  55  5:42  Nexus  
  53  5:44  Probe  
  53  5:49  Phoenix (Chrono Boost)  
  54  5:51  Probe  
  54  5:56  Stalker  
  59  5:59  Probe  
  60  6:04  Probe  
  60  6:05  Stalker  
  60  6:09  Robotics Facility  
  60  6:11  Probe  
  64  6:16  Probe  
  65  6:23  Probe  
  66  6:28  Probe, Pylon  
  67  6:33  Stalker  
  67  6:35  Probe (Chrono Boost)  
  67  6:37  Pylon  
  70  6:40  Probe (Chrono Boost), Stalker x2  
  76  6:47  Probe (Chrono Boost)  
  76  6:52  Probe (Chrono Boost)  
  77  6:55  Probe (Chrono Boost)  
  77  6:56  Probe (Chrono Boost)  
  77  6:57  Observer (Chrono Boost), Probe (Chrono Boost)  
  81  7:01  Nexus, Probe  
  81  7:06  Probe  
  81  7:07  Probe  
  84  7:08  Pylon  
  84  7:10  Stalker  
  84  7:14  Stalker  
  84  7:15  Probe  
  89  7:22  Probe x2  
  91  7:23  Stalker  
  91  7:28  Probe  
  94  7:30  Assimilator  
  94  7:33  Shield Battery  
  92  7:37  Stalker x2  
  92  7:41  Probe  
  97  7:47  Probe  
  98  7:52  Stalker  
  98  7:55  Probe  
  98  7:56  Probe  
  102  7:59  Shield Battery  
  102  8:01  Probe  
  102  8:05  Pylon  
  103  8:07  Forge  
  103  8:09  Gateway, Stalker  
  103  8:10  Gateway  
  103  8:11  Gateway, Stalker  
  106  8:12  Gateway  
  106  8:14  Probe x2  
  106  8:17  Probe x2  
  110  8:21  Observer (Chrono Boost)  
  111  8:29  Probe x3  
  111  8:30  Probe  
  111  8:33  Gateway  
  115  8:35  Gateway  
  115  8:38  Stalker x3  
  121  8:41  Protoss Ground Weapons Level 1 (Chrono Boost), Probe  
  121  8:48  Photon Cannon  
  122  8:50  Forge  
  122  8:51  Probe  
  122  8:52  Pylon  
  123  8:55  Gateway  
  123  8:57  Charge, Gateway  
  123  9:08  Stalker x4  
  123  9:09  Stalker  
  129  9:16  Probe x2  
  127  9:19  Photon Cannon  
  123  9:24  Stalker  
  123  9:25  Stalker  
  123  9:27  Probe  
  123  9:29  Probe x3  
  128  9:33  Nexus  
  128  9:36  Photon Cannon  
  128  9:37  Protoss Ground Armor Level 1 (Chrono Boost)  
  128  9:42  Shield Battery, Probe  
  128  9:45  Pylon  
  129  9:50  Probe x2  
  131  9:53  Stalker x3  
  131  9:55  Observer (Chrono Boost)  
  134  10:08  Stalker  
  134  10:09  Zealot  
  134  10:14  Stalker x4  
  128  10:18  Stalker x2  
  128  10:26  Assimilator  
  128  10:27  Protoss Ground Weapons Level 2 (Chrono Boost), Stalker x3  
  132  10:30  Photon Cannon  
  132  10:34  Pylon  
  132  10:35  Pylon  
  132  10:37  Pylon  
  132  10:38  Pylon  
  132  10:39  Observer  
  132  10:40  Assimilator  
  132  10:53  Probe, Pylon  
  132  10:54  Probe, Pylon  
  132  10:57  Stalker x5, Assimilator  
  144  11:07  Stalker x4  
  144  11:08  Probe  
  153  11:11  Pylon  
  153  11:14  Probe  
  153  11:15  Probe  
  155  11:19  Pylon  
  155  11:20  Stalker  
  155  11:21  Stalker x2  
  155  11:24  Protoss Ground Armor Level 2 (Chrono Boost)  
  155  11:27  Stalker x2  
  155  11:28  Stalker  
  158  11:35  Stalker  
  160  11:46  Photon Cannon, Stalker x3  
  165  11:55  Dark Shrine, Zealot x2  
  165  11:58  Stalker x2  
  171  12:06  Stalker x2  
  173  12:11  Pylon  
  173  12:13  Zealot x4  
  173  12:15  Zealot x2  
  149  12:24  Zealot x3  
  131  12:31  Stalker x2  
  131  12:35  Stalker x2  
  129  12:43  Stalker x4  
  113  12:49  Stalker x3  
  110  12:54  Zealot x2  
  110  12:59  Stalker x2  
  114  13:08  Dark Templar  
  114  13:09  Dark Templar  
  116  13:13  Dark Templar  
  116  13:16  Stalker x3  
  116  13:17  Stalker  
  123  13:25  Stalker x4  
  121  13:33  Observer  
  121  13:37  Shield Battery  
  112  13:43  Stalker x6  
  122  13:49  Dark Templar  
  122  13:52  Stalker  
  122  13:53  Stalker x2  
  130  14:02  Stalker  
  132  14:09  Stalker x3  
  138  14:10  Stalker  
  138  14:15  Shield Battery  
  138  14:18  Stalker  
  138  14:21  Stalker x3  
  129  14:28  Zealot x3  
  109  14:33  Zealot x2  
  109  14:34  Dark Templar  
Tags
 
Add a new tag
Caveats
  • Supply blocks, unpowered buildings, or Contaminate may cause inaccurate times.
  • Supply counts are checked every 10 seconds.